 Dungeon Crawl Stone Soup version 0.31-a0-37-g98a128e1d9 (webtiles) character file.

Game seed: 5024890515944167764

67 Elsrick the Slasher (level 3, -1/30 HPs)
             Began as a Draconian Gladiator on May 14, 2023.
             Slain by a scorpion (2 damage)
             ... on level 3 of the Dungeon.
             The game lasted 00:03:19 (1552 turns).

Elsrick the Slasher (Draconian Gladiator)           Turns: 1552, Time: 00:03:20

Health: -1/30      AC:  6    Str: 16    XL:     3   Next: 98%
Magic:  3/3        EV: 13    Int:  8    God:
Gold:   51         SH:  0    Dex: 14    Spells: 2/2 levels left

rFire   . . .        a - +0 long sword
rCold   . . .        (no shield)
rNeg    . . .        (body armour unavailable)
rPois   .            b - +1 hat
rElec   .            (no cloak)
rCorr   .            (no gloves)
SInv    .            (no boots)
Will    .....        (no amulet)
Stlth   ++           (no ring)
HPRegen 0.25/turn    (no ring)
MPRegen 0.08/turn

%: no passive effects
@: no status effects
A: AC +5, unfitting armour, cold-blooded
a: no special abilities


You were on level 3 of the Dungeon.
You visited 1 branch of the dungeon, and saw 3 of its levels.

You collected 51 gold pieces.

Inventory:

Hand Weapons
 a - a +0 long sword (weapon)
Missiles
 c - 3 throwing nets (quivered)
 d - a javelin
Armour
 b - a +1 hat (worn)
Scrolls
 e - a scroll of amnesia {unknown}
 h - a scroll of teleportation {unknown}
 i - 4 scrolls of identify {unknown}
 k - a scroll of poison {unknown}
 l - a scroll of vulnerability {unknown}
 n - a scroll of blinking {unknown}
Potions
 f - 2 potions of lignification {unknown}
 g - 2 potions of curing {unknown}
 m - a potion of attraction {unknown}
 o - a potion of mutation {unknown}
 p - 2 potions of ambrosia {unknown}
 q - a potion of flight {unknown}


   Skills:
 + Level 2.6 Fighting
 + Level 4.1 Long Blades
 + Level 1.8 Throwing
 + Level 3.1 Dodging
 - Level 0.6 Stealth


You had 2 spell levels left.
You didn't know any spells.
Your spell library was empty.

Dungeon Overview and Level Annotations

Branches:
Dungeon (3/15)

Altars:

Shops:
D:2 =


Innate Abilities, Weirdness & Mutations

Your plain brown scales are hard. (AC +5)
You cannot fit into any form of body armour.
You are cold-blooded and may be slowed by cold attacks.


Message History

You see here a +0 robe.
You hit the endoplasm but do no damage. You tail-slap the endoplasm.
You kill the endoplasm!
q - a murky amethyst potion
Found a dagger.
A scorpion and an orc priest come into view.
Found a spear and a yellow potion.
The orc priest looks satisfied for a moment.
An orc comes into view. It is wielding a +0 falchion.
The orc priest hits you but does no damage.
You closely miss the scorpion. The scorpion misses you.
The orc priest barely misses you. The scorpion barely misses you.
The orc shouts!
You hit the orc priest.
The orc priest is lightly wounded.
The orc priest barely misses you.
The scorpion stings you but does no damage.
The orc priest closely misses you.
You hit the orc priest but do no damage.
The orc priest is lightly wounded.
You hear the slow rusting of a drain nearby.
The scorpion stings you. The orc priest misses you.
The scorpion closely misses you.
You barely miss the orc priest.
The orc priest is lightly wounded.
The orc priest hits you with a +0 short sword.
The orc barely misses you. The scorpion stings you.
An endoplasm comes into view.
The scorpion attacks as you move away!
The scorpion stings you but does no damage.
The scorpion attacks as you move away!
The scorpion stings you but does no damage.
The orc priest calls down the wrath of Beogh upon you.
Beogh smites you!
Ouch! That really hurt!
* * * LOW HITPOINT WARNING * * *
As you read the scroll labelled TUCKIBR OS ROUFF, it crumbles to dust.
It is a scroll of enchant armour.
Your +0 hat glows green for a moment.
The scorpion stings you.
You die...

............#.#.....###
............#........#
.............[....##.#
#..............###
#........#.....#
#.####.###.....# ####.
#.###.#####
##..).####..##.#
........o@..##.#
.......os.#.##.#
..J.....##..##.#
.......#.#..##.#
.....## #....#.# ....
..)...# #.. ..##.# #.
!....# . ..###


You could see a scorpion, an orc priest, an orc and an endoplasm (wandering).

Vanquished Creatures
  4 adders (D:2)
  A worm (D:2)
  3 ball pythons
  An endoplasm (D:3)
  3 giant cockroaches
  A goblin (D:2)
  3 hobgoblins
  A quokka (D:1)
  5 bats
  5 kobolds
  3 rats
30 creatures vanquished.

Notes
Turn   | Place    | Note
-------+----------+-------------------------------------------
     0 | D:1      | Elsrick the Draconian Gladiator began the quest for the
                  | Orb.
     0 | D:1      | Reached XP level 1. HP: 17/17 MP: 1/1
   126 | D:1      | Reached XP level 2. HP: 25/25 MP: 2/2
   767 | D:2      | Reached XP level 3. HP: 16/30 MP: 3/3
   844 | D:2      | Found Tihiqocerph's Jewellery Shop.
  1043 | D:2      | Reached skill level 4 in Long Blades
  1170 | D:2      | Found a faded altar of an unknown god.
  1542 | D:3      | Noticed a scorpion
  1551 | D:3      | HP: 1/30 [orc priest/divine providence (17)]
  1552 | D:3      | Slain by a scorpion

Illustrated notes

Levels and vault maps discovered:
D:1:      psy_arrival_dodecagon, layout_loops_ring
D:2:      layout_loops_ring, serial_shops, nicolae_shop_just_a_little_nook,
          ebering_ecumenical_altar_webs, serial_forest, infiniplex_forest_3_way,
          infiniplex_forest_zigzag_2, infiniplex_forest_end_2,
          infiniplex_forest_clump_cross, infiniplex_forest_lined_2,
          infiniplex_forest_clump_long, infiniplex_forest_zigzag_2
D:3:      minmay_wonky_spiral, layout_basic, gup_sewer_entry_bubbles,
          minmay_misc_feat_secret_circle, uniq_jessica

Skill      XL: |  1  2  3 |
---------------+----------+-----
Dodging        | 3 |  3.1
Long Blades    | 4 |  4.1
Fighting       | |  2.6
Throwing       | |  1.8
Stealth        | |  0.6

Action                     || total
---------------------------++-------
  Melee: Long sword        ||   103
         Tailslap          ||     5
         Punch             ||     1
    Use: Scroll            ||     1
   Stab: Sleeping          ||     2
 Armour: Skin              ||    48
  Dodge: Dodged            ||    94

Table legend: (Time is in decaauts)
 A = Elapsed time spent in this place.
 B = Non-inter-level travel time spent in this place.
 C = Inter-level travel time spent in this place.
 D = Time resting spent in this place.
 E = Time spent auto-exploring this place.
 F = Levels seen in this place.
 G = Mean time per level.
                   A        B        C        D        E       F      G
               +--------+--------+--------+--------+--------+-----+--------+
         Total |   1574 |   1526 |     48 |    152 |    970 |   3 |  524.7 |
       Dungeon |   1574 |   1526 |     48 |    152 |    970 |   3 |  524.7 |
               +--------+--------+--------+--------+--------+-----+--------+

Top non-repeatable levels by time:
     D:2: 827 daAuts
     D:1: 693 daAuts
     D:3: 54 daAuts
